 Dungeon Crawl Stone Soup version 0.30.0-20-g3615ddf2f0 (webtiles) character file.

Game seed: 8237540501070516405

488 qw the Shield-Bearer (level 7, -1/41 HPs)
             Began as a Gargoyle Fighter on May 31, 2023.
             Slain by a jelly (2 damage)
             ... on level 4 of the Dungeon.
             The game lasted 00:01:20 (2372 turns).

qw the Shield-Bearer (Gargoyle Fighter)             Turns: 2372, Time: 00:01:21

Health: -1/41      AC:  5    Str: 21    XL:     7   Next: 13%
Magic:  7/7        EV:  8    Int:  9    God:
Gold:   209        SH: 11    Dex:  9    Spells: 6/6 levels left

rFire   . . .        Y - +0 war axe (drain)
rCold   . . .        a - +2 kite shield {reflect}
rNeg    + . .        b - +0 scale mail
rPois   inf          e - +0 helmet
rElec   +            (no cloak)
rCorr   .            (no gloves)
SInv    .            c - +0 pair of boots
Will    .....        i - amulet of the acrobat Stlth
                     (no ring)
HPRegen 0.26/turn    (no ring)
MPRegen 0.10/turn

%: reflection, acrobat
@: corroded
A: sickness immunity, AC +4, negative energy resistance 1, electricity
resistance, torment resistance 1, petrification resistance
a: no special abilities


You were on level 4 of the Dungeon.
You visited 1 branch of the dungeon, and saw 4 of its levels.

You collected 209 gold pieces.


Innate Abilities, Weirdness & Mutations

You are immune to sickness and miasma.
Your stone body is resilient. (AC +4)
You are immune to poison.
You resist negative energy. (rN+)
You are resistant to electric shocks. (rElec)
You are resistant to unholy torment.
You are immune to petrification.


   Skills:
 + Level 3.6 Fighting
 - Level 5.0 Axes
 - Level 3.2 Armour
 - Level 6.3 Shields


You had 6 spell levels left.
You didn't know any spells.
Your spell library was empty.

Inventory:

Hand Weapons
 p - a +0 whip
 Y - a +0 war axe of draining (weapon)
Missiles
 o - 2 boomerangs (quivered)
Armour
 a - a +2 kite shield of reflection (worn)
 b - a +0 scale mail (worn)
 c - a +0 pair of boots (worn)
 e - a +0 helmet (worn)
 f - a +0 chain mail
Jewellery
 i - an amulet of the acrobat (around neck)
Scrolls
 l - a scroll of identify
 m - a scroll of fog {unknown}
Potions
 d - a potion of might
 h - a potion of attraction
 j - a potion of ambrosia {unknown}
 k - a potion of mutation {unknown}

Dungeon Overview and Level Annotations

Branches:
Dungeon (4/15)
 Temple: D:4-7

Altars:


Message History

You block the hobgoblin's attack. You block the hound's attack.
You miss the hound. You hit the goblin.
You kill the goblin!
You block the hound's attack. You block the hobgoblin's attack.
The hound bites you.
You closely miss the hound. You closely miss the goblin.
You block the goblin's attack. The hobgoblin closely misses you.
The hound bites you. The jelly hits you. The acid corrodes you!
You are splashed with acid!
The goblin barely misses you. You block the goblin's attack.
The hobgoblin completely misses you. The hound barely misses you.
You hit the hound. You drain the hound.
The hound is moderately wounded.
You slash the jelly! You drain the jelly.
Your hands burn!
You closely miss the goblin. You miss the goblin. The hound bites you.
The goblin hits you but does no damage. You block the hobgoblin's attack.
You block the jelly's attack. The hound closely misses you.
2370 ||| DRINKING potion of heal wounds.
You feel much better. The hound closely misses you.
The goblin hits you but does no damage. The jelly hits you but does no damage.
The hobgoblin hits you from afar with a +0 trident!
You block the goblin's attack.
You hit the jelly.
Your hands burn!
The jelly is almost dead.
You completely miss the goblin. You slash the goblin!
You kill the goblin!
You hit the hobgoblin. You closely miss the hound.
You block the hound's attack. You block the jelly's attack.
The hobgoblin hits you. You block the goblin's attack.
The hobgoblin hits you from afar with a +0 trident.
The hound bites you but does no damage.
You hit the jelly but do no damage. The acid corrodes you!
Your hands burn!
The jelly is almost dead.
You closely miss the goblin. You hit the hobgoblin. You barely miss the goblin.
You hit the hound.
The hound pauses to sniff the ground.
The hound bites you. You block the hobgoblin's attack. The jelly hits you.
You die...

.......................
.######.......#########
.######..........######..
#............#...........
..###........###...####.#.
#.....#.......###..# #....
.......)%.....###..#......
.......).......).g........
#..###.#.......g@h....#...
#.## #......#..)gJ.####
..##....#.#....##gg#
........#.#.#.. ##...
..............< ##...
.......#.##.## .....
......## ... ..##. ......#
## ... ........


You could see a hound (very drained), a jelly (very drained), 3 hobgoblins and 2
goblins.

Vanquished Creatures
  Sigmund (D:4)
  An orc priest (D:4)
  A gnoll bouda (D:4)
  A sleepcap (D:4)
  Jessica (D:3)
  Robin (D:4)
  6 gnolls (D:4)
  7 adders
  3 worms (D:2)
  2 orcs (D:4)
  7 ball pythons
  8 endoplasms
  2 giant cockroaches
  5 hobgoblins
  3 jackals (D:1)
  2 quokkas
  6 bats
  3 frilled lizards
  12 goblins
  6 kobolds
  5 rats
83 creatures vanquished.

Notes
Turn   | Place    | Note
-------+----------+-------------------------------------------
     0 | D:1      | qw the Gargoyle Fighter began the quest for the Orb.
     0 | D:1      | Reached XP level 1. HP: 14/14 MP: 1/1
     0 | D:1      | 0 ||| qw: Version: 0.2-a-102-gfc559e5
     0 | D:1      | 0 ||| qw: Game counter: 585
     0 | D:1      | 0 ||| qw: Always use a shield: true
     0 | D:1      | 0 ||| qw: God list: Okawaru
     0 | D:1      | 0 ||| qw: Allow faded altars: false
     0 | D:1      | 0 ||| qw: Do Orc after D:15 true
     0 | D:1      | 0 ||| qw: Do second Lair branch before Depths: true
     0 | D:1      | 0 ||| qw: Lair rune preference: random
     0 | D:1      | 0 ||| qw: Plans: Normal, Zot:1-4, Slime:5, God:TSO, Crypt,
                  | Tomb, Pan, Hells, Abyss, Win
     0 | D:1      | 0 ||| PLANNING D:1-11
   160 | D:1      | 160 ||| Stepping ~*~*~tactically~*~*~ (stealth).
   183 | D:1      | Reached XP level 2. HP: 19/19 MP: 2/2
   738 | D:1      | 738 ||| DROPPING +0 club.
   795 | D:1      | 795 ||| UPGRADING to amulet of the acrobat.
   800 | D:1      | 800 ||| READING scroll labelled VAUFOH DI DIL.
   800 | D:1      | Identified a scroll of acquirement
   800 | D:1      | 800 ||| ACQUIRING +2 kite shield of reflection
   800 | D:1      | Acquired a +2 kite shield of reflection
   802 | D:1      | 802 ||| UPGRADING to +2 kite shield of reflection.
   812 | D:1      | 812 ||| DROPPING +0 buckler.
   813 | D:1      | 813 ||| READING scroll labelled GIFREX JUITA.
   814 | D:1      | 814 ||| READING 2 scrolls labelled OJESENTE XYRR.
   815 | D:1      | 815 ||| READING scroll labelled RYSKANWAOXT.
   816 | D:1      | 816 ||| READING scroll labelled COIT NUPTISELI.
   860 | D:2      | Reached skill level 3 in Axes
   863 | D:2      | Reached XP level 3. HP: 23/23 MP: 3/3
   870 | D:2      | 870 ||| Stepping ~*~*~tactically~*~*~ (stealth).
   876 | D:2      | 876 ||| Stepping ~*~*~tactically~*~*~ (stealth).
   888 | D:2      | Reached skill level 4 in Shields
   905 | D:2      | 905 ||| Stepping ~*~*~tactically~*~*~ (stealth).
   932 | D:2      | Reached XP level 4. HP: 28/28 MP: 4/4
  1133 | D:2      | 1133 ||| Stepping ~*~*~tactically~*~*~ (stealth).
  1556 | D:2      | 1556 ||| UPGRADING to +0 pair of boots.
  1561 | D:2      | 1561 ||| READING scroll labelled NECSUE VOAFIGO.
  1566 | D:2      | 1566 ||| DRINKING 2 cyan potions.
  1567 | D:2      | 1567 ||| READING 3 scrolls of identify.
  1567 | D:2      | 1567 ||| IDENTIFYING pink potion
  1568 | D:2      | 1568 ||| READING 2 scrolls of identify.
  1568 | D:2      | 1568 ||| IDENTIFYING murky white potion
  1569 | D:2      | 1569 ||| DROPPING potion of magic.
  1570 | D:2      | 1570 ||| DROPPING potion of degeneration.
  1571 | D:2      | 1571 ||| DROPPING potion of flight.
  1608 | D:3      | Noticed Jessica
  1609 | D:3      | 1609 ||| Stepping ~*~*~tactically~*~*~ (hiding).
  1610 | D:3      | 1610 ||| Stepping ~*~*~tactically~*~*~ (hiding).
  1615 | D:3      | Killed Jessica
  1616 | D:3      | Reached XP level 5. HP: 32/32 MP: 5/5
  1718 | D:3      | 1718 ||| Stepping ~*~*~tactically~*~*~ (hiding).
  2025 | D:3      | 2025 ||| READING scroll labelled AMPIGRI LUIFEF.
  2026 | D:3      | 2026 ||| DRINKING 2 orange potions.
  2027 | D:3      | 2027 ||| READING 2 scrolls of identify.
  2027 | D:3      | 2027 ||| IDENTIFYING smoky brown potion
  2048 | D:4      | Noticed Sigmund
  2067 | D:4      | Killed Sigmund
  2068 | D:4      | Reached skill level 6 in Shields
  2068 | D:4      | Reached XP level 6. HP: 31/37 MP: 6/6
  2069 | D:4      | 2069 ||| FLEEEEING.
  2071 | D:4      | 2071 ||| STAIRDANCE
  2103 | D:4      | 2103 ||| Stepping ~*~*~tactically~*~*~ (stealth).
  2104 | D:4      | 2104 ||| Stepping ~*~*~tactically~*~*~ (stealth).
  2105 | D:4      | 2105 ||| Stepping ~*~*~tactically~*~*~ (stealth).
  2126 | D:4      | 2126 ||| FLEEEEING.
  2127 | D:4      | 2127 ||| FLEEEEING.
  2128 | D:4      | 2128 ||| FLEEEEING.
  2129 | D:4      | 2129 ||| FLEEEEING.
  2131 | D:4      | 2131 ||| FLEEEEING.
  2132 | D:4      | 2132 ||| FLEEEEING.
  2133 | D:4      | 2133 ||| FLEEEEING.
  2134 | D:4      | 2134 ||| FLEEEEING.
  2135 | D:4      | 2135 ||| FLEEEEING.
  2136 | D:4      | 2136 ||| FLEEEEING.
  2137 | D:4      | 2137 ||| FLEEEEING.
  2138 | D:4      | 2138 ||| STAIRDANCE
  2164 | D:3      | 2164 ||| UPGRADING to +0 helmet.
  2205 | D:4      | 2205 ||| FLEEEEING.
  2210 | D:4      | 2210 ||| STAIRDANCE
  2274 | D:4      | Reached XP level 7. HP: 41/41 MP: 7/7
  2300 | D:4      | 2300 ||| Stepping ~*~*~tactically~*~*~ (stealth).
  2301 | D:4      | 2301 ||| Stepping ~*~*~tactically~*~*~ (hiding).
  2302 | D:4      | 2302 ||| Stepping ~*~*~tactically~*~*~ (hiding).
  2357 | D:4      | 2357 ||| Stepping ~*~*~tactically~*~*~ (stealth).
  2357 | D:4      | Noticed Robin
  2358 | D:4      | 2358 ||| Stepping ~*~*~tactically~*~*~ (stealth).
  2366 | D:4      | Killed Robin
  2369 | D:4      | HP: 8/41 [hound (3)]
  2370 | D:4      | 2370 ||| DRINKING potion of heal wounds.
  2371 | D:4      | HP: 3/41 [hobgoblin/+0 trident[Robin] (4)]
  2372 | D:4      | HP: 1/41 [hound (1)]
  2372 | D:4      | Slain by a jelly

Levels and vault maps discovered:
D:1:      roderic_dead_forest, layout_basic
D:2:      layout_loops_ring, minmay_increasing_density
D:3:      layout_rooms, uniq_jessica
D:4:      layout_rooms, mainiacjoe_overflow_swirl, uniq_natasha, uniq_sigmund,
          uniq_robin

Skill      XL: |  1  2  3  4  5  6 |
---------------+-------------------+-----
Axes           | 2 3 4 5 |  5.0
Shields        | 4 6 |  6.3
Fighting       | |  3.6
Armour         | |  3.2

Action                     |  1- 3 |  4- 6 |  7- 9 || total
---------------------------+-------+-------+-------++-------
  Melee: War axe           |    58 |   119 |    17 ||   194
  Throw: Boomerang         |    16 |    38 |     6 ||    60
    Use: Scroll            |     5 |     5 |       ||    10
         Potion            |       |     2 |     1 ||     3
 Armour: Scale mail        |    28 |    38 |    18 ||    84
  Dodge: Dodged            |    36 |    48 |     9 ||    93
  Block: Buckler           |    13 |       |       ||    13
         Kite shield       |    19 |    68 |    25 ||   112
         Reflection        |       |     1 |       ||     1

Table legend:
 A = Non-vault XP
 B = Vault XP
 C = Vault XP percentage of total XP
 D = Non-vault monster count
 E = Vault monster count
 F = Vault count percentage of total count
                 A         B        C        D         E       F
            +---------+---------+-------+---------+---------+-------
      Total |     349 |     349 |  50.0 |      64 |      19 |  22.9
            +---------+---------+-------+---------+---------+-------
        D:1 |      17 |       0 |   0.0 |      11 |       0 |   0.0
        D:2 |      58 |      56 |  49.1 |      23 |      11 |  32.4
        D:3 |      41 |      37 |  47.4 |      12 |       1 |   7.7
        D:4 |     233 |     256 |  52.4 |      18 |       7 |  28.0
            +---------+---------+-------+---------+---------+-------
